cohdb
Replays
Latest Replays
All Replays
Popular Replays
Top Player Replays
Match Explorer
How It Works
Community
CoH3 Stats
Reddit
Sign in to upload your games and track your stats! →
Sign in with Steam
Match 37596632
Unlisted
Match 37596632
Overview
Messages
Build Orders
End
Vickers Machine Gun Team
Selects Heavy Armor Battlegroup
Vickers Machine Gun Team
Construct Section Command Post
Infantry Section
Infantry Section
Construct Platoon Command Post
Unlock M3 Stuart Light Tanks
M3 Stuart Light Tank
6-pounder Anti-tank Gun Team
Selects Light Vehicle Withdraw and Refit
Selects Forward Repair Assembly
6-pounder Anti-tank Gun Team
M3 Stuart Light Tank
M3 Stuart Light Tank
Light Vehicle Training
Selects Recon Artillery
Selects Rigorous Vehicle Training
Construct Company Command Post
Recon Artillery
Crusader II Medium Tank
Infantry Section
Recon Artillery
Captain Winters
kenleung
Happy Se Hyeon
你来反105
Eekay
Albrecht Wallenstein
Crazy_energy
Oier
0
0
Comments
sign in to comment!
No comments posted yet!